AoeStats
← Caronte

Nomad

503485786Analyzed
4v4 RM · 1mo ago on Aug 31, 2026· 51m 41s· 8 players
Game mode
Random Map
Map size
231×231
Population
200
Speed
Normal
Resources
Standard
Victory
Conquest
Starting age
Dark Age
Ending age
Imperial Age
RankedLock teamsTeams togetherTeam positionsShared explorationLock speedFull tech treeHidden civsTurbo modeCheats
Victory
Defeat
🇺🇸 Shu · United States
856
+14
🇹🇷 Celts · Türkiye
853
+14
🇫🇷 Teutons · France
787
+17
🇩🇪 Maya · Germany
761
+18
🇪🇸 Huns · Spain
967
-23
🇦🇷 Ethiopians · Argentina
877
-19
🇦🇷 Japanese · Argentina
716
-12
🇺🇸 Maya · United States
689
-10
Surfer's Gambit
3:04 Loom
14:54 Feudal Age
15:32 Horse Collar
15:42 Double-Bit Axe
15:19 Man-at-Arms
24:06 Castle Age
22:05 Gold Mining
26:21 Wheelbarrow
25:32 Town Watch
25:46 Fletching
28:06 Stone Mining
28:55 Gold Shaft Mining
28:42 Bodkin Arrow
30:01 Crossbowman
31:41 Heavy Plow
32:03 Thumb Ring
32:18 Padded Archer Armor
34:38 Leather Archer Armor
38:18 Imperial Age
39:30 Guilds
40:16 Arbalester
43:05 Bolt Magazine
43:26 Conscription
46:02 Bow Saw
47:27 Ballistics
48:07 Chemistry
parla
16:02 Feudal Age
16:51 Man-at-Arms
19:28 Double-Bit Axe
26:51 Castle Age
29:42 Bow Saw
29:45 Stronghold
34:21 Imperial Age
35:58 Pikeman
36:33 Fletching
36:55 Gold Mining
37:38 Bodkin Arrow
37:32 Loom
38:19 Conscription
38:20 Halberdier
39:40 Wheelbarrow
39:44 Horse Collar
42:14 Heavy Scorpion
44:01 Hand Cart
43:31 Town Watch
43:30 Treadmill Crane
46:59 Town Patrol
47:04 Padded Archer Armor
47:05 Scale Mail Armor
47:16 Forging
51:02 Furor Celtica
51:10 Leather Archer Armor
sergent_tiger
9:46 Loom
17:21 Feudal Age
20:31 Man-at-Arms
43:38 Double-Bit Axe
SneakyTea
6:48 Loom
15:53 Feudal Age
20:43 Castle Age
20:43 Fletching
28:41 Double-Bit Axe
28:36 Horse Collar
28:55 Gold Mining
28:47 Crossbowman
33:24 Wheelbarrow
33:00 Bow Saw
32:31 Horse Collar
35:02 Eagle Warrior
37:50 Hand Cart
37:31 Stone Mining
38:52 Forging
38:42 Scale Mail Armor
38:58 Squires
38:44 Arson
40:24 Scale Mail Armor
40:34 Forging
42:54 Chain Mail Armor
46:51 Imperial Age
45:01 Iron Casting
47:01 Elite Eagle Warrior
48:15 Holcans
48:08 Conscription
49:06 Plate Mail Armor
49:37 Blast Furnace
bischoff620
6:11 Loom
17:02 Feudal Age
ROMMEL X
16:26 Feudal Age
16:57 Man-at-Arms
23:03 Fletching
29:21 Castle Age
32:12 Bodkin Arrow
35:57 Wheelbarrow
Shavi
14:06 Feudal Age
18:45 Wheelbarrow
19:10 Fletching
19:02 Man-at-Arms
Caronte
14:27 Feudal Age
16:26 Wheelbarrow
16:06 Double-Bit Axe
16:24 Fishing Lines
22:34 Castle Age
20:31 Stone Mining
20:57 Scale Mail Armor
21:08 Forging
22:19 Padded Archer Armor
22:23 Gold Mining
22:41 Man-at-Arms
23:22 Squires
23:09 Crossbowman
25:17 Horse Collar
25:58 Bow Saw
27:50 Fletching
31:24 Hand Cart
33:32 Arson
35:55 Long Swordsman
38:53 Medium Warships
45:35 Imperial Age
47:25 Heavy Plow
48:48 Arbalester
50:21 Town Watch
Connection lost

Rejoining the realm…

Still unreachable

The connection could not be restored.

Session expired

The server has moved on; the page needs a fresh start.